AoeStats
← Valeier

Arabia

507832635Analyzed
1v1 RM · 13d ago on Sep 19, 2026· 46m 5s· 2 players
Game mode
Random Map
Map size
Tiny (2 player)
Population
200
Speed
Normal
Resources
Standard
Victory
Conquest
Starting age
Dark Age
Ending age
Imperial Age
RankedLock teamsTeams togetherTeam positionsShared explorationLock speedFull tech treeHidden civsTurbo modeCheats
Victory
Defeat
🇸🇪 Mongols · Sweden
1541
+14
🇪🇸 Spanish · Spain
1503
-14
abenza8
9:20 Loom
12:53 Feudal Age
17:04 Castle Age
15:25 Double-Bit Axe
15:54 Horse Collar
17:05 Town Watch
19:03 Bow Saw
24:40 Padded Archer Armor
30:32 Wheelbarrow
35:47 Imperial Age
35:17 Bloodlines
35:13 Scale Barding Armor
37:26 Fletching
40:32 Bodkin Arrow
43:41 Chemistry
43:46 Conscription
43:18 Elite Skirmisher
Valeier
6:43 Loom
9:35 Feudal Age
10:17 Horse Collar
19:20 Castle Age
17:19 Fletching
19:13 Double-Bit Axe
19:29 Crossbowman
20:13 Bodkin Arrow
20:40 Bow Saw
21:10 Heavy Plow
23:07 Town Watch
28:56 Ballistics
29:21 Wheelbarrow
30:07 Thumb Ring
36:20 Imperial Age
36:09 Padded Archer Armor
37:36 Bracer
38:20 Hand Cart
37:59 Gold Mining
37:34 Arbalester
39:18 Chemistry
38:58 Leather Archer Armor
38:49 Scale Barding Armor
41:17 Bloodlines
40:29 Light Cavalry
41:07 Stone Mining
42:26 Chain Barding Armor
43:01 Husbandry
43:13 Forging
Connection lost

Rejoining the realm…

Still unreachable

The connection could not be restored.

Session expired

The server has moved on; the page needs a fresh start.